TOP OF THE 1ST |
Reading Fightin Phils batting - Pitching for Pensacola Blue Wahoos : LHP Marco Berrios
|
Pitching: LHP Marco Berrios
|
|
Batting: RHB Prabhukumar Santhanakrishnan
|
0-0: Ground out 4-3 (Groundball, 4, EV 106.9 MPH)
|
Batting: RHB Mark Schultz
|
0-0: Fly out, F9 (Line Drive, 9, EV 94.4 MPH)
|
Batting: LHB Josh George
|
0-0: Called Strike 0-1: Ball 1-1: Foul Ball, location: 2F 1-2: Ball 2-2: Ball 3-2: Strikes out looking
|
Top of the 1st over - 0 runs, 0 hits, 0 errors, 0 left on base; Reading 0 - Pensacola 0 |
BOTTOM OF THE 1ST |
Pensacola Blue Wahoos batting - Pitching for Reading Fightin Phils : RHP David LaBounty
|
Pitching: RHP David LaBounty
|
|
Batting: RHB Dusty Pollert
|
0-0: Ball 1-0: Ball 2-0: Ball 3-0: TRIPLE (Flyball, 9LD, EV 101.2 MPH)
|
Batting: SHB Paul Sandoval
|
0-0: Ball 1-0: Called Strike 1-1: Swinging Strike 1-2: Fly out, F8 (Flyball, 8LXD, EV 110.0 MPH) Runner from 3rd tags up, SCORES, no throw by CF
|
Batting: RHB Mike Alm
|
0-0: Called Strike 0-1: Called Strike 0-2: Foul Ball, location: 2F 0-2: Foul Ball, location: 2F 0-2: Ball 1-2: Foul Ball, location: 2F 1-2: Foul Ball, location: 2F 1-2: Foul Ball, location: 2F 1-2: Foul Ball, location: 2F 1-2: Fly out, F6 (Line Drive, 6, EV 71.9 MPH)
|
Batting: RHB Jonathan Robies
|
0-0: Called Strike 0-1: Foul Ball, location: 2F 0-2: Foul Ball, location: 2F 0-2: Ball 1-2: Ball 2-2: SINGLE (Groundball, P, EV 89.4 MPH) (infield hit)
|
Batting: RHB Jon Marquez
|
0-0: Ball 1-0: Fielders Choice at 2nd, U4 (Groundball, 4M, EV 80.0 MPH)
|
Bottom of the 1st over - 1 run, 2 hits, 0 errors, 1 left on base; Reading 0 - Pensacola 1 |
TOP OF THE 2ND |
Reading Fightin Phils batting - Pitching for Pensacola Blue Wahoos : LHP Marco Berrios
|
Batting: RHB Victor Arroyo
|
0-0: Ball 1-0: Fly out, F4 (Popup, 34S, EV 90.0 MPH)
|
Batting: RHB Bill Moldenhauer
|
0-0: Called Strike 0-1: Fly out, F9 (Flyball, 9, EV 98.1 MPH)
|
Batting: RHB Kyle Reilly
|
0-0: Called Strike 0-1: Ground out 6-3 (Groundball, 6, EV 82.5 MPH)
|
Top of the 2nd over - 0 runs, 0 hits, 0 errors, 0 left on base; Reading 0 - Pensacola 1 |
BOTTOM OF THE 2ND |
Pensacola Blue Wahoos batting - Pitching for Reading Fightin Phils : RHP David LaBounty
|
Batting: RHB Danny Real
|
0-0: Foul Ball, location: 2F 0-1: SINGLE (Groundball, 6MD, EV 97.5 MPH)
|
Batting: RHB Frank Moron
|
0-0: Ball Danny Real is caught stealing 2nd base 2-4 1-0: Called Strike 1-1: Ball 2-1: Ball 3-1: Called Strike 3-2: Fly out, F7 (Flyball, 7D, EV 94.4 MPH)
|
Batting: RHB Yutaka Sato
|
0-0: Called Strike 0-1: Fly out, F9 (Flyball, 89S, EV 85.0 MPH)
|
Bottom of the 2nd over - 0 runs, 1 hit, 0 errors, 0 left on base; Reading 0 - Pensacola 1 |
TOP OF THE 3RD |
Reading Fightin Phils batting - Pitching for Pensacola Blue Wahoos : LHP Marco Berrios
|
Batting: LHB Alex Fernandez
|
0-0: Ground out U3 (Groundball, 34, EV 100.6 MPH)
|
Batting: RHB Jake Cox
|
0-0: Ball 1-0: Called Strike 1-1: Ball 2-1: Swinging Strike 2-2: Ball 3-2: Fly out, F7 (Flyball, 7LM, EV 93.8 MPH)
|
Batting: RHB Josh Baker
|
0-0: Swinging Strike 0-1: Foul Ball, location: 2F 0-2: Ball 1-2: Ball 2-2: Ball 3-2: Base on Balls
|
Batting: RHB Prabhukumar Santhanakrishnan
|
0-0: Called Strike 0-1: Foul Ball, location: 2F 0-2: Ground out 5-3 (Groundball, 5S, EV 65.6 MPH)
|
Top of the 3rd over - 0 runs, 0 hits, 0 errors, 1 left on base; Reading 0 - Pensacola 1 |
BOTTOM OF THE 3RD |
Pensacola Blue Wahoos batting - Pitching for Reading Fightin Phils : RHP David LaBounty
|
Batting: LHB Akira Yamano
|
0-0: Ball 1-0: Foul Ball, location: 2F 1-1: Foul Ball, location: 2F 1-2: Strikes out swinging
|
Batting: RHB Dusty Pollert
|
0-0: Called Strike 0-1: Foul Ball, location: 2F 0-2: Strikes out swinging
|
Batting: SHB Paul Sandoval
|
0-0: Ball 1-0: Foul Ball, location: 2F 1-1: Ball 2-1: Ball 3-1: Base on Balls
|
Batting: RHB Mike Alm
|
0-0: Ball 1-0: Called Strike 1-1: Ball 2-1: Swinging Strike 2-2: Ball 3-2: Foul Ball, location: 2F 3-2: Foul Ball, location: 2F 3-2: Strikes out swinging
|
Bottom of the 3rd over - 0 runs, 0 hits, 0 errors, 1 left on base; Reading 0 - Pensacola 1 |
TOP OF THE 4TH |
Reading Fightin Phils batting - Pitching for Pensacola Blue Wahoos : LHP Marco Berrios
|
Batting: RHB Mark Schultz
|
0-0: Called Strike 0-1: Foul Ball, location: 2F 0-2: Ground out 4-3 (Groundball, 4MS, EV 78.8 MPH)
|
Batting: LHB Josh George
|
0-0: Ball 1-0: Foul Ball, location: 2F 1-1: Ball 2-1: Fly out, F9 (Flyball, 9, EV 80.6 MPH)
|
Batting: RHB Victor Arroyo
|
0-0: Ball 1-0: Called Strike 1-1: Reached on error, E9 (Flyball, 9D, EV 83.8 MPH)
|
Batting: RHB Bill Moldenhauer
|
0-0: Foul Ball, location: 2F 0-1: Called Strike 0-2: Foul Ball, location: 2F 0-2: Fly out, F7 (Line Drive, 7D, EV 90.6 MPH)
|
Top of the 4th over - 0 runs, 0 hits, 1 error, 1 left on base; Reading 0 - Pensacola 1 |
BOTTOM OF THE 4TH |
Pensacola Blue Wahoos batting - Pitching for Reading Fightin Phils : RHP David LaBounty
|
Batting: RHB Jonathan Robies
|
0-0: Ball 1-0: Ball 2-0: Ball 3-0: Called Strike 3-1: Base on Balls
|
Batting: RHB Jon Marquez
|
0-0: Ball 1-0: SINGLE (Groundball, 4M, EV 101.9 MPH) (infield hit) Jonathan Robies to second
|
Batting: RHB Danny Real
|
0-0: Ball 1-0: Called Strike 1-1: Foul Ball, location: 2F 1-2: Strikes out swinging
|
Batting: RHB Frank Moron
|
0-0: Ball 1-0: Ball 2-0: Foul Ball, location: 2F 2-1: Ball 3-1: Base on Balls Jonathan Robies to third Jon Marquez to second
|
Batting: RHB Yutaka Sato
|
0-0: Called Strike 0-1: Ball 1-1: Ball 2-1: Ball 3-1: Called Strike 3-2: Foul Ball, location: 2F 3-2: GRAND SLAM HOME RUN (Flyball, 78XD, EV 105.6 MPH), Distance : 396 ft
|
Pitching: RHP Doug Frampton
|
|
Batting: LHB Akira Yamano
|
0-0: Foul Ball, location: 2F 0-1: Ball 1-1: Foul Ball, location: 2F 1-2: Foul Ball, location: 2F 1-2: Foul Ball, location: 2F 1-2: Ground out 4-3 (Groundball, 4M, EV 87.5 MPH)
|
Batting: RHB Dusty Pollert
|
0-0: Ball 1-0: DOUBLE (Line Drive, 9LM, EV 96.2 MPH)
|
Batting: SHB Paul Sandoval
|
0-0: Called Strike 0-1: Swinging Strike 0-2: Ball 1-2: Foul Ball, location: 2F 1-2: Ball 2-2: Ball 3-2: Foul Ball, location: 2F 3-2: DOUBLE (Line Drive, 9LS, EV 111.9 MPH) Dusty Pollert scores
|
Batting: RHB Mike Alm
|
0-0: Called Strike 0-1: Ground out 6-3 (Groundball, 6S, EV 85.0 MPH)
|
Bottom of the 4th over - 5 runs, 4 hits, 0 errors, 1 left on base; Reading 0 - Pensacola 6 |
TOP OF THE 5TH |
Reading Fightin Phils batting - Pitching for Pensacola Blue Wahoos : LHP Marco Berrios
|
Batting: RHB Kyle Reilly
|
0-0: Called Strike 0-1: Ball 1-1: Fly out, F7 (Line Drive, 7LS, EV 85.0 MPH)
|
Batting: LHB Alex Fernandez
|
0-0: Ground out 6-3 (Groundball, 6, EV 86.2 MPH)
|
Batting: RHB Jake Cox
|
0-0: Ball 1-0: Ball 2-0: Ball 3-0: Called Strike 3-1: Base on Balls
|
Batting: RHB Josh Baker
|
0-0: Swinging Strike 0-1: Ball 1-1: Ball 2-1: Swinging Strike 2-2: Ball 3-2: Base on Balls Jake Cox to second
|
Batting: RHB Prabhukumar Santhanakrishnan
|
0-0: Called Strike 0-1: Ball 1-1: Foul Ball, location: 2F 1-2: Strikes out looking
|
Top of the 5th over - 0 runs, 0 hits, 0 errors, 2 left on base; Reading 0 - Pensacola 6 |
BOTTOM OF THE 5TH |
Pensacola Blue Wahoos batting - Pitching for Reading Fightin Phils : RHP Doug Frampton
|
Batting: RHB Jonathan Robies
|
0-0: Called Strike 0-1: Ground out 4-3 (Groundball, 4, EV 106.9 MPH)
|
Batting: RHB Jon Marquez
|
0-0: Ball 1-0: Ball 2-0: Ball 3-0: Called Strike 3-1: Base on Balls
|
Batting: RHB Danny Real
|
0-0: Called Strike 0-1: Ball 1-1: Grounds into double play, 6-4-3 (Groundball, 6S, EV 89.4 MPH)
|
Bottom of the 5th over - 0 runs, 0 hits, 0 errors, 0 left on base; Reading 0 - Pensacola 6 |
TOP OF THE 6TH |
Reading Fightin Phils batting - Pitching for Pensacola Blue Wahoos : LHP Marco Berrios
|
Batting: RHB Mark Schultz
|
0-0: Foul Ball, location: 2F 0-1: Swinging Strike 0-2: Fly out, F8 (Line Drive, 8LD, EV 104.4 MPH)
|
Batting: LHB Josh George
|
0-0: Ball 1-0: Fly out, F7 (Flyball, 78D, EV 103.1 MPH)
|
Batting: RHB Victor Arroyo
|
0-0: Foul Ball, location: 2F 0-1: Foul Ball, location: 2F 0-2: Foul Ball, location: 2F 0-2: Strikes out looking
|
Top of the 6th over - 0 runs, 0 hits, 0 errors, 0 left on base; Reading 0 - Pensacola 6 |
BOTTOM OF THE 6TH |
Pensacola Blue Wahoos batting - Pitching for Reading Fightin Phils : RHP Doug Frampton
|
Batting: RHB Frank Moron
|
0-0: Ball 1-0: Ball 2-0: Called Strike 2-1: Called Strike 2-2: Fly out, F7 (Flyball, 78M, EV 73.8 MPH)
|
Batting: RHB Yutaka Sato
|
0-0: Called Strike 0-1: Fly out, F4 (Line Drive, 4, EV 68.8 MPH)
|
Batting: LHB Akira Yamano
|
0-0: Swinging Strike 0-1: Foul Ball, location: 2F 0-2: Ball 1-2: Ball 2-2: Strikes out looking
|
Bottom of the 6th over - 0 runs, 0 hits, 0 errors, 0 left on base; Reading 0 - Pensacola 6 |
TOP OF THE 7TH |
Reading Fightin Phils batting - Pitching for Pensacola Blue Wahoos : LHP Marco Berrios
|
Batting: RHB Bill Moldenhauer
|
0-0: Ball 1-0: Ball 2-0: SINGLE (Flyball, 3D, EV 96.9 MPH)
|
Batting: RHB Kyle Reilly
|
0-0: Foul Ball, location: 2F 0-1: Fly out, F9 (Flyball, 9LM, EV 86.9 MPH)
|
Batting: LHB Alex Fernandez
|
0-0: Ball 1-0: Foul Ball, location: 2F 1-1: Ball 2-1: Fielders Choice at 2nd, 4-6 (Groundball, 4S, EV 82.5 MPH)
|
Batting: RHB Jake Cox
|
0-0: Fly out, F8 (Line Drive, 8LM, EV 90.6 MPH)
|
Top of the 7th over - 0 runs, 1 hit, 0 errors, 1 left on base; Reading 0 - Pensacola 6 |
BOTTOM OF THE 7TH |
Pensacola Blue Wahoos batting - Pitching for Reading Fightin Phils : RHP Doug Frampton
|
Batting: RHB Dusty Pollert
|
0-0: Ground out 3-1 (Groundball, 34, EV 76.2 MPH)
|
Batting: SHB Paul Sandoval
|
0-0: SINGLE (Groundball, 34D, EV 105.6 MPH)
|
Pitching: LHP Roger Farley
|
|
Batting: RHB Mike Alm
|
0-0: Called Strike 0-1: Called Strike 0-2: Fielders Choice at 2nd, 1-6 (Groundball, 13S, EV 61.9 MPH)
|
Batting: RHB Jonathan Robies
|
0-0: Called Strike 0-1: Ball Mike Alm steals 2nd base 1-1: Foul Ball, location: 2F 1-2: Ball 2-2: Ground out 6-3 (Groundball, 6, EV 78.8 MPH)
|
Bottom of the 7th over - 0 runs, 1 hit, 0 errors, 1 left on base; Reading 0 - Pensacola 6 |
TOP OF THE 8TH |
Reading Fightin Phils batting - Pitching for Pensacola Blue Wahoos : LHP Marco Berrios
|
Batting: RHB Josh Baker
|
0-0: Fly out, F9 (Flyball, 9D, EV 100.6 MPH)
|
Batting: RHB Prabhukumar Santhanakrishnan
|
0-0: Ball 1-0: Foul Ball, location: 2F 1-1: Ground out 2-3 (Groundball, 2L, EV 67.5 MPH)
|
Batting: RHB Mark Schultz
|
0-0: Ball 1-0: Foul Ball, location: 2F 1-1: Called Strike 1-2: Ball 2-2: Ball 3-2: Foul Ball, location: 2F 3-2: DOUBLE (Flyball, 78XD, EV 112.5 MPH)
|
Batting: LHB Josh George
|
0-0: Swinging Strike 0-1: Ball 1-1: Ball 2-1: Ball 3-1: Called Strike 3-2: Foul Ball, location: 2F 3-2: Strikes out swinging
|
Top of the 8th over - 0 runs, 1 hit, 0 errors, 1 left on base; Reading 0 - Pensacola 6 |
BOTTOM OF THE 8TH |
Pensacola Blue Wahoos batting - Pitching for Reading Fightin Phils : LHP Roger Farley
|
Batting: RHB Jon Marquez
|
0-0: SOLO HOME RUN (Flyball, 7LD, EV 89.4 MPH), Distance : 344 ft
|
Batting: RHB Danny Real
|
0-0: Called Strike 0-1: Ball 1-1: Ball 2-1: SOLO HOME RUN (Flyball, 78XD, EV 110.0 MPH), Distance : 415 ft
|
Batting: RHB Frank Moron
|
0-0: Ball 1-0: Ball 2-0: Ball 3-0: Base on Balls
|
Batting: RHB Yutaka Sato
|
0-0: Ball 1-0: Ball 2-0: Fielders Choice at 2nd, 3-6 (Groundball, 34, EV 83.1 MPH)
|
Batting: LHB Akira Yamano
|
0-0: Ball 1-0: Ground out U3 (Groundball, 34S, EV 62.5 MPH) Yutaka Sato to second
|
Batting: RHB Dusty Pollert
|
0-0: Ball 1-0: Ball 2-0: Called Strike 2-1: Foul Ball, location: 2F 2-2: 2-RUN HOME RUN (Flyball, 78XD, EV 105.0 MPH), Distance : 412 ft
|
Pinch Hitting: SHB Rich Ranaldi
|
0-0: Ball 1-0: Ball 2-0: Ball 3-0: Called Strike 3-1: SINGLE (Line Drive, 56, EV 93.8 MPH)
|
Pitching: RHP Gabe Torres
|
|
Batting: RHB Mike Alm
|
0-0: Ball 1-0: Ball 2-0: Ball 3-0: Base on Balls Rich Ranaldi to second
|
Batting: RHB Jonathan Robies
|
0-0: Ball 1-0: Called Strike 1-1: Ball 2-1: Called Strike 2-2: Ball 3-2: Foul Ball, location: 2F 3-2: Fly out, F8 (Flyball, 8LD, EV 96.9 MPH)
|
Bottom of the 8th over - 4 runs, 4 hits, 0 errors, 2 left on base; Reading 0 - Pensacola 10 |
TOP OF THE 9TH |
Reading Fightin Phils batting - Pitching for Pensacola Blue Wahoos : LHP Marco Berrios
|
Now at 1B: Rich Ranaldi
|
|
Batting: RHB Victor Arroyo
|
0-0: Ball 1-0: Ball 2-0: Ball 3-0: Called Strike 3-1: Foul Ball, location: 2F 3-2: Base on Balls
|
Pinch Hitting: RHB Josh Martin
|
0-0: Ball 1-0: Ball 2-0: Called Strike 2-1: Called Strike 2-2: Ball 3-2: Foul Ball, location: 2F 3-2: DOUBLE (Line Drive, 3D, EV 98.8 MPH) Victor Arroyo to third
|
Pinch Hitting: LHB Aaron Mobley
|
0-0: Called Strike 0-1: Called Strike 0-2: Foul Ball, location: 2F 0-2: Strikes out swinging
|
Pitching: LHP Brian Whittall
|
|
Pinch Hitting: RHB Abel Surraca
|
0-0: Called Strike 0-1: Foul Ball, location: 2F 0-2: Foul Ball, location: 2F 0-2: Ball 1-2: Foul Ball, location: 2F 1-2: Ball 2-2: Ball 3-2: Foul Ball, location: 2F 3-2: Foul Ball, location: 2F 3-2: Foul Ball, location: 2F 3-2: Fly out, F8 (Flyball, 8RM, EV 91.2 MPH)
|
Pinch Hitting: RHB Ashton Crenshaw
|
0-0: Ball 1-0: Ball 2-0: Called Strike 2-1: Swinging Strike 2-2: Ground out 4-3 (Groundball, 4, EV 88.1 MPH)
|
Top of the 9th over - 0 runs, 1 hit, 0 errors, 2 left on base; Reading 0 - Pensacola 10 |
|